 Dungeon Crawl Stone Soup version 0.24.0-125-gc4c63601f3 (webtiles) character file.

Game seed: 2845717211378226440, levelgen mode: deterministic

565 shadizar the Skirmisher (level 7, 0/48 HPs)
             Began as a Gargoyle Fighter on Mar 14, 2020.
             Slain by a troll (5 damage)
             ... on level 5 of the Dungeon.
             The game lasted 00:04:58 (4186 turns).

shadizar the Skirmisher (Gargoyle Fighter)          Turns: 4186, Time: 00:04:58

Health: 0/48       AC: 17    Str: 22    XL:     7   Next: 32%
Magic:  7/7        EV:  4    Int:  8    God:
Gold:   288        SH:  9    Dex:  9    Spells: 6/6 levels left

rFire    . . .     SeeInvis .   a - +0 flail
rCold    . . .     Gourm    .   c - +0 shield
rNeg     + . .     Faith    .   k - +0 plate armour
rPois    ∞         Spirit   .   l - +0 helmet
rElec    +         Reflect  .   (no cloak)
rCorr    .         Harm     .   (no gloves)
MR       .....                  (no boots)
Stlth    ..........             (no amulet)
HPRegen  0.16/turn              (no ring)
MPRegen  0.10/turn              (no ring)

@: flying
A: negative energy resistance 1, electricity resistance, unbreathing,
petrification resistance, rot immunity, AC +4
a: no special abilities


You were on level 5 of the Dungeon.
You were not hungry.

You visited 2 branches of the dungeon, and saw 6 of its levels.

You collected 288 gold pieces.

Inventory:

Hand Weapons
 a - a +0 flail (weapon)
 n - a cursed -2 hunting sling
 s - a +0 club
Armour
 b - a +0 scale mail
 c - a +0 shield (worn)
 k - a +0 plate armour (worn)
 l - a +0 helmet (worn)
Scrolls
 e - 8 scrolls of identify {unknown}
 g - 4 scrolls of teleportation {unknown}
 i - a scroll of fear {unknown}
 m - 6 scrolls of remove curse {unknown}
 p - a scroll of fog {unknown}
 r - a scroll of immolation {unknown}
Potions
 d - a potion of invisibility {unknown}
 h - 2 potions of flight
 j - a potion of lignification {unknown}
 o - 3 potions of brilliance {unknown}
 q - 2 potions of heal wounds {unknown}
 t - a potion of curing {unknown}
 u - 2 potions of haste {unknown}
Comestibles
 f - 7 rations


   Skills:
 * Level 7.6 Fighting
 + Level 4.7 Maces & Flails
 - Level 3.2 Armour
 - Level 3.2 Shields


You had 6 spell levels left.
You didn't know any spells.
Your spell library was empty.

Dungeon Overview and Level Annotations

Branches:
Dungeon (5/15)             Temple (1/1) D:4

Altars:
Cheibriados
Dithmenos
Elyvilon
Fedhas
Gozag
Kikubaaqudgha
Makhleb
Nemelex Xobeh
Okawaru
Qazlal
Ru
Sif Muna
Trog
Uskayaw
Wu Jian
Xom
Yredelemnul
Zin

Annotations:
D:2 Sigmund


Innate Abilities, Weirdness & Mutations

You are resistant to torment.
Your stone body is resilient. (AC +4)
You are immune to poison.
You resist negative energy. (rN+)
You are resistant to electric shocks. (rElec)
You can survive without breathing.
You are immune to petrification.
You are immune to rotting.


Message History

The troll claws you but does no damage.
You hit the troll.
The troll is heavily wounded.
The troll bites you but does no damage. The troll barely misses you.
The troll claws you but does no damage. You block the troll's attack. x2
The troll completely misses you.
Your plate armour prevents you from hitting the troll.
The troll is heavily wounded.
The troll bites you!
* * * LOW HITPOINT WARNING * * *
The troll claws you but does no damage. x2
You hit the troll.
The troll is heavily wounded.
The troll barely misses you. You block the troll's attack. The troll claws you.
* * * LOW HITPOINT WARNING * * *
Unknown command.
It was a potion of flight.
You feel very buoyant.
You fly up into the air.
The troll bites you.
You die...

#.....# #.# #.
###.#.#†####.##########
.........÷...#.........
.##.#.#.###....########
#.....# #.#>.# #
###.#.###.#..# #
#...........# #
#####.###.#...# #
#...@.# #.#...# ####
#...T.## #.##..# ##...
#........ #>........
###.....## #####.##
##...## #. ##.# ##.##
#. ..... #. #.## ##.##


You could see a troll.

Vanquished Creatures
  An ogre (D:4)
  A centaur (D:5)
  A centaur skeleton (D:4)
  A hound (D:5)
  An orc wizard (D:4)
  An iguana (D:4)
  2 worker ants
  A hound skeleton (D:5)
  11 adders
  2 shadow imps (D:5)
  8 worms
  4 dart slugs
  4 leopard geckos
  4 orcs
  A ball python (D:2)
  4 giant cockroaches
  6 goblins
  5 hobgoblins
  8 jackals
  4 kobolds
  5 quokkas
  5 bats
  5 frilled lizards
  A jackal skeleton (D:4)
  A leopard gecko skeleton (D:4)
  9 rats
96 creatures vanquished.

Notes
Turn   | Place    | Note
-------+----------+-------------------------------------------
     0 | D:1      | shadizar the Gargoyle Fighter began the quest for the Orb.
     0 | D:1      | Reached XP level 1. HP: 14/14 MP: 1/1
   151 | D:1      | Reached XP level 2. HP: 7/20 MP: 2/2
   594 | D:1      | Reached skill level 4 in Fighting
  1080 | D:2      | Noticed Sigmund
  1091 | D:2      | Reached XP level 3. HP: 16/24 MP: 3/3
  1458 | D:2      | Found a bloodstained altar of Trog.
  1486 | D:2      | Reached XP level 4. HP: 26/30 MP: 4/4
  1633 | D:3      | Reached skill level 5 in Fighting
  1894 | D:3      | Reached XP level 5. HP: 31/35 MP: 5/5
  2663 | D:4      | Reached skill level 6 in Fighting
  2751 | D:4      | Reached XP level 6. HP: 36/41 MP: 6/6
  2823 | D:4      | Found a staircase to the Ecumenical Temple.
  3030 | Temple   | Entered the Ecumenical Temple
  3533 | D:5      | Entered Level 5 of the Dungeon
  3547 | D:5      | Reached skill level 7 in Fighting
  3604 | D:5      | Found a blossoming altar of Fedhas.
  3655 | D:5      | Reached XP level 7. HP: 24/48 MP: 7/7
  4171 | D:5      | Noticed a troll
  4186 | D:5      | Slain by a troll

Levels and vault maps discovered:
D:1:      saegor_arrival_simple_d, layout_loops_ring
D:2:      layout_basic, nicolae_overflow_hidden_temple, uniq_sigmund,
          uniq_jessica
D:3:      layout_basic
D:4:      layout_cave_pods, temple_statues, minmay_circle_x
D:5:      layout_loops_ring, fedhas_bush_and_centaur_altar, first_ration,
          kennysheep_small_spiral
Temple:   eino_temple_rhombus

Skill      XL: |  1  2  3  4  5  6 |
---------------+-------------------+-----
Fighting       | 4 5 6 7 |  7.6
Maces & Flails | 3 4 |  4.7
Armour         | |  3.2
Shields        | |  3.2

Action                   |  1- 3 |  4- 6 |  7- 9 || total
-------------------------+-------+-------+-------++-------
Melee: Flail             |   173 |   306 |    76 ||   555
  Use: Potion            |       |     1 |     1 ||     2
  Eat: Chunk             |     2 |     7 |     3 ||    12
Armor: Scale mail        |    45 |       |       ||    45
       Plate armour      |    85 |   243 |    76 ||   404
Dodge: Dodged            |    41 |    49 |    18 ||   108
Block: Shield            |   101 |   162 |    42 ||   305
